 Dungeon Crawl Stone Soup version 0.27.0-1-g7a089689b8 (webtiles) character file.

Game seed: 10435237366077064665

252 Thatpatchoflichen the Chiller (level 5, -6/28 HPs)
             Began as a Deep Elf Ice Elementalist on Aug 14, 2021.
             Was an Initiate of Sif Muna.
             Mangled by a phantom (8 damage)
             ... on level 4 of the Dungeon.
             The game lasted 00:13:34 (4701 turns).

Thatpatchoflichen the Chiller (DEIE)                Turns: 4701, Time: 00:13:35

Health: -6/28      AC:  2    Str:  5    XL:     5   Next: 89%
Magic:  13/14      EV: 13    Int: 21    God:    Sif Muna [......]
Gold:   247        SH:  0    Dex: 15    Spells: 7/14 levels left

rFire    . . .     SeeInvis .   n - +2 spear (flame)
rCold    . . .     Faith    .   (no shield)
rNeg     . . .     Spirit   .   a - +0 robe
rPois    .         Reflect  .   (no helmet)
rElec    .         Harm     .   (no cloak)
rCorr    .         Rampage  .   (no gloves)
Will     .....                  (no boots)
Stlth    ++........             (no amulet)
HPRegen  0.09/turn              (no ring)
MPRegen  0.14/turn              (no ring)

@: no status effects
A: no striking features
a: Renounce Religion


You were on level 4 of the Dungeon.
You worshipped Sif Muna.
Sif Muna was noncommittal.
You visited 2 branches of the dungeon, and saw 6 of its levels.

You collected 247 gold pieces.

Inventory:

Hand Weapons
 n - a +2 spear of flaming (weapon)
Missiles
 b - 110 stones
 c - 33 poisoned darts
 d - 4 javelins
 k - 19 sling bullets
 q - 20 arrows
Armour
 a - a +0 robe (worn)
Jewellery
 s - a ring of resist corrosion
Wands
 j - a wand of iceblast (6)
Scrolls
 e - a scroll of noise {unknown}
 g - a scroll of blinking {unknown}
 h - 4 scrolls of identify {unknown}
 l - a scroll of torment {unknown}
 o - a scroll of enchant armour {unknown}
 r - a scroll of teleportation {unknown}
Potions
 f - a potion of haste {unknown}
 i - 2 potions of brilliance {unknown}
 m - a potion of might {unknown}
 p - a potion of heal wounds {unknown}


   Skills:
 + Level 3.5 Dodging
 - Level 2.4 Stealth
 + Level 5.0 Spellcasting
 - Level 2.0 Conjurations
 - Level 2.0 Hexes
 + Level 5.9 Ice Magic


You had 7 spell levels left.
You knew the following spells:

 Your Spells              Type           Power      Damage    Failure   Level
a - Freeze                Ice            100%       1d11      1%          1
b - Frozen Ramparts       Ice            60%        1d8       2%          3
c - Ozocubu's Armour      Ice            30%        N/A       2%          3

Your spell library contained the following spells:

 Spells                   Type           Power      Damage    Failure   Level
 Magic Dart               Conj           52%        1d5       4%          1
 Slow                     Hex            13%        N/A       7%          2
 Confusing Touch          Hex            13%        N/A       14%         3
 Call Imp                 Summ           5%         N/A       16%         2
 Hailstorm                Conj/Ice       22%        3d7       22%         4
 Mephitic Cloud           Conj/Pois/Air  8%         N/A       26%         3
 Vampiric Draining        Necr           2%         2d6       32%         3


Dungeon Overview and Level Annotations

Branches:
Dungeon (5/15)             Temple (1/1) D:4

Altars:
Cheibriados
Dithmenos
Elyvilon
Fedhas
Gozag
Hepliaklqana
Kikubaaqudgha
Makhleb
Nemelex Xobeh
Qazlal
Sif Muna
Trog
Uskayaw
Vehumet
Wu Jian
Yredelemnul
Zin
The Shining One

Annotations:
D:3 Sigmund


Message History

Found a stone staircase leading down.
There is a stone staircase leading up here.
An iguana comes into view.
You hit the ogre. You burn the ogre.
The ogre is lightly wounded.
The ogre misses you.
You hit the ogre. You burn the ogre.
The ogre is moderately wounded.
The ogre closely misses you.
You hit the ogre. You burn the ogre.
The ogre is heavily wounded.
The iguana hisses angrily.
The ogre hits you with a +0 giant spiked club!!
Ouch! That really hurt!
* * * LOW HITPOINT WARNING * * *
There is a stone staircase leading up here.
You climb upwards.
There is a stone staircase leading down here.
You start resting.
A phantom is nearby!
A phantom is nearby!
You start resting.
A phantom is nearby!
What are your orders? t - Shout!
Orders for allies: a - Attack new target. r - Retreat! s - Stop attacking. g - Guard the area. f - Follow me.
Anything else - Cancel.
Okay, then.
The phantom barely misses you.
Aiming: Freeze (safe; 1% risk of failure)
Press: ? - help, Q - select action, (/) - cycle Shift-Dir - straight line, f - phantom
Aim: a phantom You freeze the phantom.
The phantom resists.
The phantom is lightly damaged.
The phantom hits you.
* * * LOW HITPOINT WARNING * * *
The phantom hits you!
You die...

#.# #...# #..>#.##.#
#.###########...#.##.#
#...............#.##.###
##############..#.##....
#...# ##..#.##..## #...#
#...#.##..# #...#
###.#.#...## #...#
#........# #.@.#
##........ #..W####
#.......#
#...##.####......##
#...#..............
###.....>###..##...
#.......##..#####
##......##..# #..
##......#..# #.#
##........# #.#


You could see a phantom.

Vanquished Creatures
  An ogre (D:4)
  A howler monkey (D:4)
  Natasha (twice) (D:4)
  A gnoll (D:1)
  A worm (D:3)
  A dart slug (D:1)
  An orc (D:3)
  2 ball pythons
  5 bats
  4 endoplasms
  6 giant cockroaches
  3 goblins
  5 hobgoblins
  8 jackals
  5 kobolds
  3 quokkas
  2 frilled lizards (D:1)
  7 rats
58 creatures vanquished.

Notes
Turn   | Place    | Note
-------+----------+-------------------------------------------
     0 | D:1      | Thatpatchoflichen the Deep Elf Ice Elementalist began the
                  | quest for the Orb.
     0 | D:1      | Reached XP level 1. HP: 10/10 MP: 6/6
   204 | D:1      | Reached XP level 2. HP: 13/15 MP: 6/8
   686 | D:1      | Reached skill level 5 in Ice Magic
   686 | D:1      | Reached XP level 3. HP: 18/19 MP: 6/10
   690 | D:1      | Learned a level 3 spell: Frozen Ramparts
   694 | D:1      | Learned a level 3 spell: Ozocubu's Armour
  1474 | D:2      | Found a faded altar of an unknown god.
  1653 | D:2      | Found a radiant altar of Vehumet.
  2096 | D:3      | Found a shadowy altar of Dithmenos.
  2334 | D:3      | Reached skill level 1 in Hexes
  2795 | D:3      | You fall into a shaft and drop 1 floor!
  2898 | D:3      | Reached XP level 4. HP: 24/24 MP: 12/12
  3071 | D:3      | Noticed Sigmund
  3184 | D:3      | Found an opulent altar of Gozag.
  3264 | D:4      | Reached skill level 1 in Conjurations
  3357 | D:4      | Noticed an ogre
  3458 | D:4      | Noticed a phantom
  3681 | D:4      | Noticed Natasha
  3689 | D:4      | Killed Natasha
  3690 | D:4      | Reached XP level 5. HP: 21/28 MP: 10/13
  3809 | D:4      | Found a staircase to the Ecumenical Temple.
  3820 | Temple   | Entered the Ecumenical Temple
  3836 | Temple   | Became a worshipper of Sif Muna the Loreminder
  4167 | D:4      | Killed an ogre
  4360 | D:4      | Noticed Natasha
  4366 | D:4      | Killed Natasha
  4367 | D:4      | Reached skill level 5 in Spellcasting
  4596 | D:5      | Entered Level 5 of the Dungeon
  4613 | D:5      | Noticed an ogre
  4622 | D:5      | HP: 1/28 [ogre (27)]
  4701 | D:4      | Mangled by a phantom

Illustrated notes

Levels and vault maps discovered:
D:1:      lemuel_arrival_muddy, layout_loops_ring, amcnicky_mini_pool_small
D:2:      layout_basic, basic_altar,
          hellmonk_ecumenical_altar_pennies_from_heaven
D:3:      layout_rooms, grunt_gozag_statues, grunt_dithmenos_smoke_and_mirrors,
          minmay_misc_feat_rugged, roderic_lattice_a, uniq_sigmund
D:4:      layout_loops_ring, minmay_temple_entry_steel_oval,
          serial_co_window_serial, co_window_corner_a,
          co_window_of_opportunity_a, co_window_cross_1, co_window_paths_b,
          co_window_corner_a, co_window_cross_2, co_window_broadway_c,
          co_window_unsneaky_path_b, co_window_unsneaky_path_e,
          co_window_of_opportunity_c, glass_columns_a, glass_columns_c,
          glass_columns_b, glass_columns_b, glass_columns_a, uniq_natasha
D:5:      layout_gridville, nicolae_vehumet_radiance, evilmike_ruin_ashenzari,
          mainiacjoe_overflow_catwalk, serial_co_window_serial,
          co_window_paths_a, co_window_of_opportunity_a, co_window_paths_a,
          co_window_corner_a, co_window_corner_a, co_window_corner_b,
          co_window_of_opportunity_c, co_window_broadway_c,
          co_window_unsneaky_path_b, co_window_corner_b, glass_columns_a,
          glass_columns_a, glass_columns_c, glass_columns_b, minmay_liquid_box,
          corner_web_ring
Temple:   regret_index_temple_waves

Skill      XL: |  1  2  3  4  5 |
---------------+----------------+-----
Spellcasting   | 4 5 |  5.0
Ice Magic      | 5 |  5.9
Hexes          | 1 2 |  2.0
Conjurations   | 1 2 |  2.0
Dodging        | 3 |  3.5
Stealth        | |  2.4

Action                   |  1- 3 |  4- 6 || total
-------------------------+-------+-------++-------
Melee: Spear             |    26 |    18 ||    44
 Cast: Freeze            |    57 |    21 ||    78
 Stab: Sleeping          |     3 |     1 ||     4
       Distracted        |       |     1 ||     1
Armor: Robe              |    13 |     6 ||    19
Dodge: Dodged            |    41 |    25 ||    66
